 Dungeon Crawl Stone Soup version 0.26-a0-812-g31a745ddcd (webtiles) character file.

Game seed: 9875875213157146336

121506 Arthanis the Severer (level 16, -1/110 HPs)
             Began as a Gargoyle Berserker on Nov 22, 2020.
             Was a High Priest of Trog.
             Slain by a spectral titan (3 damage)
             ... called from beyond by a ghost crab
             ... on level 3 of the Abyss on Nov 23, 2020.
             The game lasted 00:51:10 (24848 turns).

Arthanis the Severer (Gargoyle Berserker)          Turns: 24848, Time: 00:51:11

Health: -1/110     AC: 35    Str: 31    XL:     16   Next: 85%
Magic:  16/16      EV:  3    Int: 20    God:    Trog [*****.]
Gold:   1733       SH: 16    Dex:  9    Spells: 15/15 levels left

rFire    . . .     SeeInvis .   z - +0 flail "Bayxzel" {venom, +Rage Str+4 Int+5}
rCold    . . .     Faith    .   l - +0 tower shield
rNeg     + . .     Spirit   .   B - +1 plate armour {rC+}
rPois    ∞         Reflect  .   R - +2 hat "Jaxomer" {rElec rC- Slay+3 Stlth+}
rElec    +         Harm     .   U - scarf {+Inv}
rCorr    .         Rampage  .   E - +0 pair of gloves
MR       +++..                  m - +0 pair of boots
Stlth    ..........             C - amulet of regeneration
HPRegen  1.68/turn              y - +4 ring of protection
MPRegen  0.15/turn              w - +6 ring of strength

@: about to teleport, berserk cooldown, regenerating, slowed, constricted,
drained, very slow
A: big wings, negative energy resistance 1, screaming 1, electricity resistance,
unbreathing, petrification resistance, rot immunity, AC +12
a: Fly, Berserk, Trog's Hand, Brothers in Arms, Renounce Religion, Evoke Berserk
Rage, Evoke Invisibility


You were on level 3 of the Abyss.
You worshipped Trog.
Trog was extremely pleased with you.
You visited 4 branches of the dungeon, and saw 24 of its levels.
You visited the Abyss 1 time.
You also visited: Gauntlet, Ice Cave and Volcano.

You collected 2789 gold pieces.
You spent 1056 gold pieces at shops.

Inventory:

Hand Weapons
 n - a +6 vorpal battleaxe
 v - a +0 vampiric hand axe
 z - the +0 flail "Bayxzel" (weapon) {venom, +Rage Str+4 Int+5}
   (You found it on level 4 of the Dungeon)

   It poisons the flesh of those it strikes.
   It affects your strength (+4).
   It affects your intelligence (+5).
   It lets you go berserk.
 H - a +0 spear
 V - the +6 broad axe of Autotheism {flame, *Drain Int+4}
   (Trog gifted it to you on level 1 of the Lair of Beasts)

   It has been specially enchanted to burn those struck by it, causing extra
   injury to most foes and up to half again as much damage against particularly
   susceptible opponents.
   Big, fiery blades are also staple armaments of hydra-hunters.
   It affects your intelligence (+4).
   It causes draining when unequipped.
Armour
 l - a +0 tower shield (worn)
 m - a +0 pair of boots (worn)
 s - a +1 cloak of fire resistance
 B - a +1 plate armour of cold resistance (worn)
 E - a +0 pair of gloves (worn)
 R - the +2 hat "Jaxomer" (worn) {rElec rC- Slay+3 Stlth+}
   (You found it on level 14 of the Dungeon)

   It affects your accuracy and damage with ranged weapons and melee attacks
   (+3).
   It makes you vulnerable to cold.
   It insulates you from electricity.
   It makes you more stealthy.
 U - a scarf of invisibility (worn)
Jewellery
 a - the ring "Deme" {+Fly rF+ Str+4 Dex+6}
   (You found it in a Gauntlet)

   [ring of flight]

   It affects your strength (+4).
   It affects your dexterity (+6).
   It protects you from fire.
   It lets you fly.
 w - a +6 ring of strength (right hand)
 y - a +4 ring of protection (left hand)
 C - an amulet of regeneration (around neck)
 N - the ring of Fout {Wiz +Blink +Fly rPois Str+2}
   (You found it in a Gauntlet)

   [ring of wizardry]

   It improves your spell success rate.
   It affects your strength (+2).
   It protects you from poison.
   It lets you fly.
   It lets you blink.
 T - an uncursed ring of stealth
 X - an uncursed ring of see invisible
 Z - the ring "Unitseogg" {+Inv rPois rC+ rN+ Slay-5}
   (You found it on level 9 of the Dungeon)

   [ring of poison resistance]

   It affects your accuracy and damage with ranged weapons and melee attacks
   (-5).
   It protects you from cold.
   It protects you from poison.
   It protects you from negative energy.
   It lets you turn invisible.
Wands
 k - a wand of digging (2)
 u - a wand of flame (68)
 G - a wand of iceblast (50)
 I - a wand of paralysis (23)
 J - a wand of disintegration (61)
 L - a wand of acid (24)
Scrolls
 c - 12 scrolls of teleportation
 e - 3 scrolls of brand weapon
 f - 4 scrolls of enchant armour
 h - 13 scrolls of remove curse
 i - 3 scrolls of immolation
 o - 7 scrolls of fog
 p - 3 scrolls of fear
 r - a scroll of silence
 D - 3 scrolls of identify
 F - 6 scrolls of blinking
 S - 2 scrolls of holy word
 W - 3 scrolls of enchant weapon
 Y - a scroll of vulnerability
Potions
 d - 9 potions of curing
 g - 6 potions of brilliance
 j - 5 potions of mutation
 q - 5 potions of lignification
 t - 2 potions of haste
 x - 3 potions of ambrosia
 A - 4 potions of resistance
 K - 2 potions of might
 M - 4 potions of invisibility
 O - a potion of berserk rage
 P - 3 potions of magic
 Q - 2 potions of heal wounds
Miscellaneous
 b - a lightning rod (4/4)


   Skills:
 + Level 16.1(15.0) Fighting
 * Level 18.6(17.4) Axes
 - Level 10.0(9.0) Armour
 + Level 6.7(5.8) Dodging
 - Level 6.0(5.1) Shields
 - Level 6.1(5.2) Evocations


You had 15 spell levels left.
You didn't know any spells.
Your spell library contained the following spells:

 Spells                   Type           Power        Failure   Level
 Ice Form                 Ice/Tmut       #.......     100%        4
 Metabolic Englaciation   Hex/Ice        #.........   100%        5
 Freezing Cloud           Conj/Ice/Air   #.........   100%        6
 Ozocubu's Refrigeration  Ice            #.........   100%        6
 Simulacrum               Ice/Necr       #.........   100%        6


Dungeon Overview and Level Annotations

Branches:
Dungeon (15/15)            Temple (0/1) D:7            Lair (6/6) D:9
  Swamp (1/4) Lair:4       Shoals (0/4) Lair:3        Slime (0/5) Lair:6
    Orc (2/2) D:12            Elf (0/3) Orc:2        Vaults (0/5) D:13
 Depths (0/5) D:15          IceCv (visited)         Volcano (visited)
Gauntlet (visited)

Altars:
Dithmenos
Fedhas
Gozag
Nemelex Xobeh
Okawaru
Qazlal
Trog
Uskayaw
Wu Jian
Xom
Yredelemnul
Zin
The Shining One
Beogh

Shops:
D:6 *   D:8 *   D:9 *   D:14 *?(=   Orc:2 [([*=

Annotations:
D:5 1 runed translucent door, End1zNear's ghost, novice MiFi
Lair:4 2 transporters, Cakiepeg's ghost, journeyman DDGl
Swamp:1 Louise
Orc:2 exclusion: oklob plant


Innate Abilities, Weirdness & Mutations

You are resistant to torment.
Your stone body is resilient. (AC +12)
You are immune to poison.
Your large and strong wings let you fly indefinitely.
You resist negative energy. (rN+)
You are resistant to electric shocks. (rElec)
You can survive without breathing.
You are immune to petrification.
You are immune to rotting.
You occasionally shout uncontrollably at your foes.


Message History

You block the tentacle's attack.
A tentacle segment bursts forth from the water.
The tentacled monstrosity tentacle-slaps you!
* * * LOW HITPOINT WARNING * * *
The tentacled monstrosity tentacle-slaps you but does no damage. x2
* * * LOW HITPOINT WARNING * * *
The tentacled monstrosity constricts you!
Your ogre hits the kraken but does no damage.
The tentacle is engulfed in spectral mist.
The tentacle slaps you!
* * * LOW HITPOINT WARNING * * *
The tentacle is engulfed in spectral mist.
You block the tentacle's attack. The fire crab bites you.
* * * LOW HITPOINT WARNING * * *
You are engulfed in flames!
* * * LOW HITPOINT WARNING * * *
The fire crab claws you but does no damage.
The spectral snapping turtle bites your ogre.
The spectral titan hits you.
You die...

# . ####.# ♣.. ##
##..#≈#.≈♣ ≈≈
##R☼.≈≈≈..♣
#≈#f#tw*°≈§≈..♣
#≈≈tX@≈≈≈°≈≈.♣♣
#φ≈≈≈XZw°X≈≈≈∩∩.
##≈≈≈tt○O°≈≈≈....
#≈#≈#...Z°≈≈.♣ ♣
#≈≈≈##...≈≈≈...♣
##≈≈ ##..#≈#....
## ####.#.♣♣♣ #


You could see a kraken, 2 tentacled monstrosities, a shambling mangrove (very
poisoned), a ghost crab, a fire crab, 2 apocalypse crabs, 2 tentacles, a
spectral snapping turtle (summoned), a spectral titan (summoned), an efreet and
a friendly ogre (summoned, berserk).

Vanquished Creatures
  Nikola (Swamp:1)
  Rupert (D:13)
  An orc warlord (Orc:2)
  A stone giant (Orc:2)
  A minotaur (Gauntlet)
  Azrael (D:14)
  A dire elephant (Lair:6)
  Snorg (D:12)
  An ice dragon (Lair:5)
  2 boulder beetles (D:14)
  Erolcha (Orc:2)
  7 hydras
  Fannar (D:10)
  A ghost crab (Swamp:1)
  4 centaur warriors
  3 catoblepae
  8 vault guards
  An ogre mage (D:15)
  12 two-headed ogres
  A dancing weapon (Volcano)
  2 death knights
  6 death yaks (Lair:6)
  A deep troll shaman (Lair:6)
  A tengu warrior (D:9)
  A storm dragon zombie (D:15)
  A goliath frog (Swamp:1)
  3 orc high priests (Orc:2)
  Sonja (Orc:1)
  A sixfirhy (Gauntlet)
  2 skeletal warriors
  2 unseen horrors
  A flayed ghost (D:15)
  A lindwurm (Lair:2)
  4 wizards
  A death drake (Gauntlet)
  A necromancer (D:15)
  A phantasmal warrior (D:10)
  5 orc knights
  Pikel (D:5)
  A stone giant zombie (D:15)
  6 ugly things
  3 wolf spiders (D:14)
  7 orc sorcerers
  3 cyclopes
  16 elephants
  A spectral centaur (Gauntlet)
  4 toenail golems (Volcano)
  A torpor snail (Gauntlet)
  Joseph (D:7)
  4 black mambas
  2 ice statues (IceCv)
  15 cane toads
  2 centaur skeletons
  Maggie (D:7)
  A yaktaur zombie (D:15)
  A guardian mummy (D:15)
  2 freezing wraiths
  11 komodo dragons
  13 trolls
  A hornet (D:11)
  A tengu conjurer (D:14)
  9 polar bears
  Grinder (D:3)
  Prince Ribbit (Lair:2)
  5 dream sheep (Lair:6)
  18 blink frogs
  A meliai zombie (Gauntlet)
  A spriggan zombie (D:15)
  2 slime creatures (Lair:6)
  A snapping turtle (Lair:3)
  2 tarantellas (D:14)
  An air elemental (D:13)
  Sigmund (D:3)
  3 wraiths
  4 wyverns
  35 yaks
  2 fire elementals
  8 basilisks
  2 wargs
  6 insubstantial wisps (Lair:4)
  Menkaure (D:4)
  Duvessa (D:4)
  3 acid dragons
  6 hell hounds (D:14)
  13 water moccasins
  7 black bears
  9 ice beasts
  4 phantoms
  4 sky beasts
  12 ogres
  38 orc warriors
  A black bear (shapeshifter) (D:15)
  2 necrophages
  2 eyes of draining
  17 wolves
  13 centaurs
  20 bullfrogs
  An earth elemental (D:13)
  A wyvern zombie (D:9)
  3 gnoll sergeants
  A wyvern skeleton (D:13)
  5 scorpions
  Dowan (D:4)
  A water moccasin skeleton (D:10)
  7 killer bees
  6 electric eels (D:10)
  5 wights (D:11)
  A howler monkey (D:6)
  6 centaur zombies
  8 jellies
  2 bullfrog zombies
  4 quasits
  9 hounds
  23 orc priests
  4 bullfrog skeletons
  Crazy Yiuf (D:5)
  Ijyb (D:5)
  Terence (D:2)
  Jessica (D:2)
  4 iguanas
  8 worker ants
  26 orc wizards
  A killer bee zombie (D:8)
  A hound zombie (D:8)
  A hound skeleton (D:5)
  A howler monkey zombie (D:9)
  Robin (D:3)
  6 gnolls
  13 adders
  A shadow imp (D:9)
  4 white imps
  2 ufetubi (Gauntlet)
  An ooze (D:4)
  3 adder zombies
  An adder skeleton (D:4)
  3 dart slugs
  9 leopard geckos
  78 orcs
  2 ball pythons
  10 giant cockroaches
  22 goblins
  14 hobgoblins
  13 jackals
  7 kobolds
  7 quokkas
  6 bats
  4 frilled lizards
  A jackal zombie (D:5)
  A leopard gecko zombie (D:9)
  A quokka zombie (D:10)
  3 rats
786 creatures vanquished.

Vanquished Creatures (collateral kills)
  A boulder beetle (D:14)
1 creature vanquished.

Vanquished Creatures (others)
  An eleionoma (Swamp:1)
  A hydra (Swamp:1)
  A bloated husk (Swamp:1)
  A tyrant leech (Swamp:1)
  A water elemental (D:13)
  A hell hound (D:14)
  4 demonic plants (Gauntlet)
  13 fungi
  19 plants
  3 tentacles (Abyss:3)
  A withered plant (D:15)
46 creatures vanquished.

Grand Total: 833 creatures vanquished

Notes
Turn   | Place    | Note
-------+----------+-------------------------------------------
     0 | D:1      | Arthanis the Gargoyle Berserker began the quest for the
                  | Orb.
     0 | D:1      | Reached XP level 1. HP: 14/14 MP: 1/1
   109 | D:1      | Reached XP level 2. HP: 18/19 MP: 2/2
   136 | D:1      | Reached skill level 3 in Axes
   572 | D:1      | Reached XP level 3. HP: 23/23 MP: 3/3
   692 | D:1      | Reached ** piety under Trog
   975 | D:2      | Noticed Jessica
   980 | D:2      | Killed Jessica
   980 | D:2      | Reached XP level 4. HP: 29/29 MP: 4/4
  1035 | D:2      | Noticed a water elemental
  1037 | D:2      | Found a stormy altar of Qazlal.
  1038 | D:2      | Noticed an air elemental
  1038 | D:2      | Noticed a fire elemental
  1038 | D:2      | Noticed an earth elemental
  1074 | D:2      | Noticed Terence
  1085 | D:2      | Killed Terence
  1237 | D:2      | Reached XP level 5. HP: 31/33 MP: 5/5
  1448 | D:2      | Reached skill level 4 in Axes
  1919 | D:3      | Noticed Grinder
  1928 | D:3      | Paralysed by Grinder for 6 turns
  1943 | D:3      | Paralysed by Grinder for 3 turns
  1967 | D:3      | Noticed Sigmund
  1981 | D:3      | Killed Grinder
  1981 | D:3      | Reached skill level 5 in Axes
  1981 | D:3      | Reached XP level 6. HP: 40/40 MP: 6/6
  1988 | D:3      | Killed Sigmund
  1988 | D:3      | Reached skill level 5 in Fighting
  1988 | D:3      | Reached XP level 7. HP: 44/44 MP: 7/7
  2041 | D:3      | Noticed Robin
  2062 | D:3      | Killed Robin
  2062 | D:3      | Reached *** piety under Trog
  2069 | D:3      | Found a hide-covered altar of Uskayaw.
  2070 | D:3      | Noticed a +0 hand axe
  2070 | D:3      | Noticed a +0 hand axe
  2255 | D:3      | Reached skill level 6 in Axes
  2255 | D:3      | Reached skill level 5 in Armour
  2316 | D:3      | Found an iron altar of Okawaru.
  2595 | D:3      | Found a bloodstained altar of Trog.
  2706 | D:4      | Noticed Menkaure
  2720 | D:4      | Killed Menkaure
  2720 | D:4      | Reached XP level 8. HP: 32/51 MP: 8/8
  2988 | D:4      | Found a shimmering altar of Xom.
  2988 | D:4      | Found a shadowy altar of Dithmenos.
  3050 | D:4      | Got a smouldering flail
  3057 | D:4      | Identified the cursed +0 flail "Bayxzel" {venom, +Rage
                  | Str+4 Int+5} (You found it on level 4 of the Dungeon)
  3165 | D:4      | Noticed Duvessa
  3165 | D:4      | Noticed Dowan
  3171 | D:4      | Killed Dowan
  3173 | D:4      | Killed Duvessa
  3267 | D:4      | Reached skill level 7 in Axes
  3381 | D:5      | Entered Level 5 of the Dungeon
  3470 | D:5      | Reached **** piety under Trog
  3526 | D:5      | Found a runed translucent door.
  3527 | D:5      | Noticed Crazy Yiuf
  3534 | D:5      | Killed Crazy Yiuf
  3740 | D:5      | Noticed Pikel
  3750 | D:5      | Killed Pikel
  3750 | D:5      | Reached skill level 8 in Axes
  3750 | D:5      | Reached XP level 9. HP: 57/57 MP: 9/9
  3778 | D:5      | Found a runed translucent door.
  3800 | D:5      | Noticed Ijyb
  3807 | D:5      | Killed Ijyb
  3813 | D:5      | Noticed End1zNear's ghost (novice MiFi)
  4133 | D:6      | Reached skill level 9 in Axes
  4254 | D:6      | Found a blossoming altar of Fedhas.
  4523 | D:6      | Found Puoriuje's Assorted Antiques.
  4529 | D:6      | Bought an orange potion for 21 gold pieces
  4529 | D:6      | Bought a scroll labelled YCZETHRIOLE for 24 gold pieces
  4529 | D:6      | Bought a ring of protection for 48 gold pieces
  4572 | D:6      | Found a basalt altar of Yredelemnul.
  4928 | D:7      | Noticed Joseph
  4941 | D:7      | Killed Joseph
  4941 | D:7      | Reached skill level 1 in Shields
  4941 | D:7      | Reached skill level 1 in Evocations
  5176 | D:7      | Found a staircase to the Ecumenical Temple.
  5551 | D:7      | Noticed Maggie
  5557 | D:7      | Killed Maggie
  5557 | D:7      | Reached XP level 10. HP: 65/65 MP: 10/10
  5866 | D:8      | Found an opulent altar of Gozag.
  5942 | D:8      | Found a glowing golden altar of the Shining One.
  5992 | D:8      | Found Keskisupsu's General Store.
  6076 | D:8      | Bought a scroll of identify for 30 gold pieces
  6076 | D:8      | Bought a scroll of teleportation for 45 gold pieces
  6076 | D:8      | Bought a scroll of identify for 30 gold pieces
  6076 | D:8      | Bought a scroll of holy word for 112 gold pieces
  6179 | D:8      | Reached skill level 10 in Axes
  6284 | D:8      | Found an ornate altar of the Wu Jian Council.
  6306 | D:8      | Reached ***** piety under Trog
  6943 | D:9      | Found a glowing silver altar of Zin.
  7035 | D:9      | Found Fosudd's Changing Room.
  7075 | D:9      | Bought a potion of lignification for 48 gold pieces
  7236 | D:9      | Noticed a tengu warrior
  7249 | D:9      | Killed a tengu warrior
  7289 | D:9      | Found a runed translucent door.
  7289 | D:9      | Found a runed translucent door.
  7289 | D:9      | Noticed a two-headed ogre
  7289 | D:9      | Noticed a centaur warrior
  7290 | D:9      | Found a runed translucent door.
  7298 | D:9      | Noticed a two-headed ogre
  7310 | D:9      | Reached XP level 11. HP: 55/71 MP: 11/11
  7321 | D:9      | Killed a two-headed ogre
  7321 | D:9      | Reached skill level 11 in Axes
  7409 | D:9      | Got a scintillating golden ring
  7417 | D:9      | Identified the ring "Unitseogg" {+Inv rPois rC+ rN+ Slay-5}
                  | (You found it on level 9 of the Dungeon)
  7637 | D:9      | Found a staircase to the Lair.
  7653 | D:9      | Reached skill level 10 in Fighting
  8021 | D:9      | Killed a centaur warrior
  8027 | D:9      | Killed a two-headed ogre
  8027 | D:9      | Reached skill level 5 in Shields
  8104 | D:10     | Entered Level 10 of the Dungeon
  8877 | D:10     | Noticed Fannar
  8900 | D:10     | Killed Fannar
  8900 | D:10     | Reached skill level 12 in Axes
  9308 | D:11     | Noticed a death knight
  9308 | D:11     | Noticed a phantasmal warrior
  9336 | D:10     | Killed a phantasmal warrior
  9442 | D:11     | Received a gift from Trog
  9444 | D:11     | Killed a death knight
  9444 | D:11     | Reached XP level 12. HP: 49/79 MP: 12/12
  9450 | D:11     | Found a gate leading to a gauntlet.
  9466 | Gauntlet | Entered a Gauntlet
  9466 | Gauntlet | Found a transporter.
  9466 | Gauntlet | Found a transporter.
  9466 | Gauntlet | Found a runed translucent door.
  9476 | Gauntlet | Found a runed translucent door.
  9596 | Gauntlet | Found a transporter.
  9596 | Gauntlet | Found a transporter.
  9608 | Gauntlet | Found a transporter.
  9609 | Gauntlet | Noticed a five-headed hydra
  9619 | Gauntlet | Found a transporter.
  9633 | Gauntlet | Found a transporter.
  9633 | Gauntlet | Found a transporter.
  9644 | Gauntlet | Killed a five-headed hydra
  9651 | Gauntlet | Found a transporter.
  9657 | Gauntlet | Found a transporter.
  9663 | Gauntlet | Noticed a hell hog
  9670 | Gauntlet | Got a wavering amber ring
  9675 | Gauntlet | Identified the ring of Fout {Wiz +Blink +Fly rPois Str+2}
                  | (You found it in a Gauntlet)
  9810 | Gauntlet | Found a transporter.
  9813 | Gauntlet | Got a smoking lead ring
  9817 | Gauntlet | Found a transporter.
  9818 | Gauntlet | Found the ring of the Mage {Wiz MR++ Int+3}
  9827 | Gauntlet | Noticed a minotaur
  9843 | Gauntlet | Killed a minotaur
 10194 | D:11     | Reached skill level 13 in Axes
 10269 | D:11     | Identified the ring "Deme" {+Fly rF+ Str+4 Dex+6} (You
                  | found it in a Gauntlet)
 10713 | D:12     | Reached skill level 5 in Evocations
 11038 | D:12     | Found a staircase to the Orcish Mines.
 11216 | D:12     | Noticed Snorg
 11219 | D:12     | Noticed a two-headed ogre
 11249 | D:12     | Killed a two-headed ogre
 11269 | D:12     | Killed Snorg
 11269 | D:12     | Reached XP level 13. HP: 85/85 MP: 13/13
 11760 | D:13     | Reached skill level 14 in Axes
 12029 | D:13     | Found a large runed translucent door.
 12031 | D:13     | Found a large runed translucent door.
 12092 | D:13     | Noticed Rupert
 12115 | D:13     | Killed Rupert
 12254 | D:13     | Noticed a vault guard
 12254 | D:13     | Noticed a vault guard
 12255 | D:13     | Found a gate to the Vaults.
 12255 | D:13     | Noticed a vault guard
 12255 | D:13     | Noticed a vault guard
 12255 | D:13     | Noticed a vault guard
 12256 | D:13     | Noticed a vault guard
 12256 | D:13     | Noticed a vault guard
 12256 | D:13     | Noticed a vault guard
 12274 | D:12     | Killed a vault guard
 12284 | D:12     | Killed a vault guard
 12371 | D:13     | Killed a vault guard
 12384 | D:13     | Killed a vault guard
 12405 | D:13     | Killed a vault guard
 12450 | D:13     | Killed a vault guard
 12558 | D:13     | Killed a vault guard
 12597 | D:13     | Killed a vault guard
 12761 | D:13     | Received a gift from Trog
 12761 | D:13     | Reached skill level 15 in Axes
 12801 | D:14     | Found Toskouch's General Store.
 12824 | D:14     | Bought 2 scrolls of identify for 68 gold pieces
 12824 | D:14     | Bought 2 scrolls of fog for 68 gold pieces
 12969 | D:14     | Found Dycyrev's Magic Scroll Shoppe.
 12996 | D:14     | Bought a scroll of teleportation for 42 gold pieces
 12996 | D:14     | Bought a scroll of identify for 28 gold pieces
 12996 | D:14     | Bought a scroll of teleportation for 42 gold pieces
 13126 | D:14     | Found Atikliz's Weapon Boutique.
 13253 | D:14     | Gained mutation: Your large and strong wings let you fly
                  | indefinitely. [Gargoyle growth]
 13253 | D:14     | Reached XP level 14. HP: 94/94 MP: 14/14
 13366 | D:14     | Noticed Azrael
 14386 | D:14     | Found Osisulei's Jewellery Shoppe.
 14522 | D:14     | Killed Azrael
 14719 | D:14     | Found a runed translucent door.
 14767 | D:14     | Got a faintly glowing hat
 14949 | D:14     | Got a glittering sapphire amulet
 15024 | D:15     | Entered Level 15 of the Dungeon
 15087 | D:15     | Found a staircase to the Depths.
 15427 | D:15     | Reached skill level 16 in Axes
 15567 | D:15     | Identified the amulet of Vilinkiy {RegenMP rN+ Int+4} (You
                  | found it on level 14 of the Dungeon)
 16432 | Orc:1    | Entered Level 1 of the Orcish Mines
 16438 | Orc:1    | Identified the +2 hat "Jaxomer" {rElec rC- Slay+3 Stlth+}
                  | (You found it on level 14 of the Dungeon)
 16488 | Orc:1    | Noticed Sonja
 16514 | Orc:1    | Killed Sonja
 16917 | Orc:2    | Entered Level 2 of the Orcish Mines
 16917 | Orc:2    | Noticed Erolcha
 16955 | Orc:2    | Killed Erolcha
 16955 | Orc:2    | Reached XP level 15. HP: 80/101 MP: 15/15
 16961 | Orc:2    | Received a gift from Trog
 17023 | Orc:2    | Found a dark tunnel.
 17038 | Volcano  | Entered a volcano
 17704 | Orc:2    | Found a roughly hewn altar of Beogh.
 17724 | Orc:2    | Reached skill level 17 in Axes
 17775 | Orc:2    | Paralysed by an orc sorcerer for 4 turns
 17866 | Orc:2    | Found a staircase to the Elven Halls.
 18022 | Orc:2    | Received a gift from Trog
 18056 | Orc:2    | Noticed an orc warlord
 18384 | Orc:2    | Paralysed by an orc sorcerer for 3 turns
 18944 | Orc:2    | Reached skill level 15 in Fighting
 19044 | Orc:2    | Killed an orc warlord
 19220 | Orc:2    | Gained mutation: You occasionally shout uncontrollably at
                  | your foes. [a neqoxec]
 19319 | Orc:2    | Found Qofuamon's Antique Armour Boutique.
 19415 | Orc:2    | Found Qoeteg's Antique Armour Boutique.
 19416 | Orc:2    | Found Sapininn's Antique Weapon Boutique.
 19417 | Orc:2    | Found Fogueduc's General Store.
 19417 | Orc:2    | Found Ubyunk's Jewellery Shop.
 19478 | Orc:2    | Bought an uncursed amulet of regeneration for 450 gold
                  | pieces
 19683 | Lair:1   | Entered Level 1 of the Lair of Beasts
 19845 | Lair:1   | Found a sparkling altar of Nemelex Xobeh.
 20093 | Lair:1   | Received a gift from Trog
 20096 | Lair:1   | Got a scorched broad axe {god gift}
 20097 | Lair:1   | Identified the +6 broad axe of Autotheism {flame, *Drain
                  | Int+4} (Trog gifted it to you on level 1 of the Lair of
                  | Beasts)
 20838 | Lair:2   | Noticed Prince Ribbit
 20848 | Lair:2   | Killed Prince Ribbit
 21494 | Lair:3   | Found a staircase to the Shoals.
 21729 | Lair:4   | Noticed Cakiepeg's ghost (journeyman DDGl)
 21730 | Lair:4   | Found a transporter.
 21752 | Lair:4   | Found a staircase to the Swamp.
 21903 | Lair:4   | Reached skill level 10 in Armour
 21905 | Lair:4   | Reached skill level 5 in Dodging
 22078 | Lair:4   | Reached XP level 16. HP: 108/108 MP: 16/16
 22160 | Lair:4   | Found a transporter.
 22758 | Lair:5   | Found a frozen archway.
 22796 | IceCv    | Entered an ice cave
 22804 | IceCv    | Reached skill level 18 in Axes
 22812 | IceCv    | Found a transporter.
 22840 | IceCv    | Found a transporter.
 23149 | Lair:5   | Received a gift from Trog
 23629 | Lair:6   | Entered Level 6 of the Lair of Beasts
 24339 | Lair:6   | Found a staircase to the Slime Pits.
 24718 | Swamp:1  | Entered Level 1 of the Swamp
 24756 | Swamp:1  | Noticed Nikola
 24830 | Swamp:1  | Killed Nikola
 24839 | Swamp:1  | Noticed Louise
 24839 | Swamp:1  | Cast into level 3 of the Abyss (Louise)
 24840 | Abyss:3  | Noticed a kraken
 24843 | Abyss:3  | Noticed a tentacled monstrosity
 24846 | Abyss:3  | Noticed a tentacled monstrosity
 24848 | Abyss:3  | HP: 2/110 [fire crab (9)]
 24848 | Abyss:3  | Slain by a spectral titan

Illustrated notes

Levels and vault maps discovered:
D:1:      dpeg_arrival_pits, layout_basic, minivault_19, serial_park_tiny_2,
          supply_closet_lemuel
D:2:      layout_rooms, nicolae_qazlal_style_of_elements,
          grunt_decor_mini_mirrors, minmay_misc_feat_alley, uniq_terence,
          uniq_jessica
D:3:      layout_basic, lemuel_coloured_pillars_altar,
          okawaru_altar_gauntlet_db, dancing_weapons_uskayaw, uniq_robin,
          uniq_grinder, uniq_sigmund
D:4:      layout_rooms, chequers_temple_overflow_statue_of_worship,
          uniq_menkaure, uniq_duvessa
D:5:      layout_cave_pools, ebering_ghost_sewer_d, kennysheep_generic_room_8,
          uniq_ijyb, uniq_pikel, uniq_crazy_yiuf_cottage
D:6:      layout_gridville, kennysheep_mini_moat, serial_shops, shop,
          hangedman_abyss_or_decor_lesser_grid, fedhas_ov_isle_minmay
D:7:      layout_basic, minmay_temple_entry_fiery, serial_glass,
          glass_columns_a, glass_columns_a, grunt_ministairs_10, uniq_maggie,
          uniq_joseph
D:8:      layout_loops_corners, kennysheep_little_box,
          nicolae_gozag_cash_rules_everything_around_me, old_standard_altar,
          kennysheep_windowed_goal
D:9:      minmay_the_grid_triangle_9x9_rhombus_thin_mashed
          [minmay_the_grid_triangle_9x9_fully_insulated_deathbox,
          minmay_the_grid_triangle_9x9_prize_insulated,
          minmay_the_grid_triangle_9x9_sparse_checkered,
          minmay_the_grid_triangle_9x9_from_above], layout_long_grid,
          nicolae_overflow_crystal_walls, david_lair_generic,
          chequers_serial_rivers_small_b, nicolae_transmutations_shop,
          hangedman_decor_lopped, minmay_between
D:10:     layout_basic, uniq_fannar
D:11:     layout_gridville, gauntlet_entry_generic
D:12:     layout_loops_corners, orc_0_dummy, uniq_snorg
D:13:     layout_rooms, erik_vaults_2, lightli_elemental_guards, uniq_rupert
D:14:     gammafunk_indiana_jones, layout_basic, minmay_misc_feat_roman,
          serial_shops, shop, nicolae_shop_crystal, nicolae_shop_waterfront,
          shop, uniq_azrael
D:15:     gammafunk_depths_entry_grave, layout_cave_pods,
          chequers_serial_rivers_small_a, lemuel_flame_loot_1
Lair:1:   layout_cave_pods, basic_altar, serial_bayou_shore_b
Lair:2:   layout_big_grid, minivault_19, uniq_prince_ribbit2
Lair:3:   layout_loops_ring, minmay_shoals_entry_hut
Lair:4:   layout_cave_pods, minmay_swamp_entry_wisps, gammafunk_ghost_arena,
          wad_woods_road_03
Lair:5:   layout_cave_pods, portal_ice_cave_entry_animals_and_master,
          beast_lair_carwin_5
Lair:6:   grunt_lair_end_beastmaster, layout_hall_layers,
          minmay_slime_entry_pillars, grunt_megastairs_2
Swamp:1:  layout_basic_swamp, evilmike_swamp_ruin_house_3, uniq_louise,
          uniq_jorgrun, uniq_nikola
Orc:1:    layout_caves, uniq_sonja
Orc:2:    st_orc_congregation, layout_caves, enter_volcano_1, basic_altar,
          serial_shops, nicolae_shop_behind_doors, mines3_lemuel, uniq_erolcha
Abyss:3:  base: D:8, evilmike_nicolae_abyss_rune_betentacled_crabyss

Skill      XL: |  1  2  3  4  5  6  7  8  9 10 11 12 13 14 15 16 |
---------------+-------------------------------------------------+-----
Axes           | 3 5 6 8 9 10 12 13 15 16 17 18 | 18.6
Dodging        | 2 5 6 |  6.7
Armour         | 3 4 5 6 7 8 10 | 10.0
Fighting       | 4 5 7 8 9 10 11 13 14 15 16 | 16.1
Shields        | 2 4 6 |  6.0
Evocations     | 1 2 3 5 6 |  6.1

Action                   |  1- 3 |  4- 6 |  7- 9 | 10-12 | 13-15 | 16-18 || total
-------------------------+-------+-------+-------+-------+-------+-------++-------
Melee: Hand axe          |   107 |   167 |   167 |   478 |  1617 |    39 ||  2575
       Flail             |       |       |   151 |   475 |    24 |    16 ||   666
       Battleaxe         |       |       |       |     6 |       |       ||     6
       Broad axe         |       |       |       |       |   176 |   259 ||   435
       War axe           |       |       |       |       |     7 |       ||     7
Invok: Berserk           |       |     3 |    10 |    16 |    27 |     5 ||    61
       Trog's Hand       |       |     2 |       |     6 |    13 |     4 ||    25
       Brothers in Arms  |       |       |       |       |     2 |     1 ||     3
Evoke: Wand              |       |       |       |     6 |       |     4 ||    10
  Use: Scroll            |       |       |     5 |    16 |    14 |     5 ||    40
       Potion            |       |       |       |       |     5 |     1 ||     6
 Stab: Petrified         |       |       |       |       |       |    13 ||    13
Armor: Animal skin       |    43 |     3 |       |       |       |       ||    46
       Chain mail        |       |   121 |   215 |    53 |       |       ||   389
       Plate armour      |       |       |       |   570 |  1079 |   258 ||  1907
Dodge: Dodged            |    61 |    83 |   149 |   197 |   213 |    67 ||   770
Block: Buckler           |       |       |     2 |    60 |       |       ||    62
       Kite shield       |       |       |       |    21 |       |       ||    21
       Tower shield      |       |       |       |   540 |  1238 |   254 ||  2032

Table legend: (Time is in decaauts)
 A = Elapsed time spent in this place.
 B = Non-inter-level travel time spent in this place.
 C = Inter-level travel time spent in this place.
 D = Time resting spent in this place.
 E = Time spent auto-exploring this place.
 F = Levels seen in this place.
 G = Mean time per level.
                   A        B        C        D        E       F      G
               +--------+--------+--------+--------+--------+-----+--------+
         Total |  24831 |  23674 |   1157 |   1348 |  15931 |  28 |  886.8 |
       Dungeon |  16225 |  15473 |    752 |    726 |  10759 |  15 | 1081.7 |
          Lair |   4945 |   4661 |    284 |     30 |   3716 |   6 |  824.2 |
         Swamp |     86 |     86 |      0 |      0 |     11 |   1 |   86.0 |
  Orcish Mines |   2780 |   2660 |    120 |    447 |   1360 |   2 | 1390.0 |
         Abyss |     13 |     13 |      0 |      0 |      0 |   1 |   13.0 |
      Ice Cave |    112 |    112 |      0 |      9 |      0 |   1 |  112.0 |
       Volcano |    263 |    263 |      0 |     26 |      0 |   1 |  263.0 |
      Gauntlet |    403 |    403 |      0 |    109 |     84 |   1 |  403.0 |
               +--------+--------+--------+--------+--------+-----+--------+

Top non-repeatable levels by time:
    D:14: 2174 daAuts
   Orc:2: 2160 daAuts
     D:9: 1466 daAuts
    D:10: 1342 daAuts
    D:15: 1313 daAuts
    D:12: 1183 daAuts
     D:7: 1165 daAuts
     D:3: 1110 daAuts
  Lair:5: 1047 daAuts
  Lair:6: 1016 daAuts
     D:8: 1004 daAuts
  Lair:1: 959 daAuts
    D:13: 951 daAuts
  Lair:4: 875 daAuts
    D:11: 861 daAuts
